AoeStats
← généralmeu

African Clearing

504176414Analyzed
2v2 RM · 29d ago on Sep 4, 2026· 42m 25s· 4 players
Game mode
Random Map
Map size
Medium (4 player)
Population
200
Speed
Normal
Resources
Standard
Victory
Conquest
Starting age
Dark Age
Ending age
Imperial Age
RankedLock teamsTeams togetherTeam positionsShared explorationLock speedFull tech treeHidden civsTurbo modeCheats
Victory
Defeat
🇵🇹 Berbers · Portugal
1038
+15
🇨🇿 Huns · Czechia
975
+18
🇪🇸 Teutons · Spain
1020
-17
🇫🇷 Britons · France
1000
-48
généralmeu
13:43 Feudal Age
14:37 Man-at-Arms
churre13
8:56 Loom
15:26 Feudal Age
24:04 Castle Age
23:08 Double-Bit Axe
23:05 Horse Collar
25:52 Wheelbarrow
25:30 Bloodlines
29:44 Scale Barding Armor
32:40 Pikeman
38:45 Imperial Age
37:32 Heavy Plow
37:43 Bow Saw
39:52 Conscription
39:08 Cavalier
40:11 Town Watch
42:53 Chain Barding Armor
Duotech
5:08 Loom
14:17 Feudal Age
17:25 Town Watch
20:02 Castle Age
19:03 Forging
19:42 Scale Barding Armor
21:32 Iron Casting
23:12 Gold Mining
26:43 Wheelbarrow
30:23 Chain Barding Armor
30:20 Hand Cart
30:28 Double-Bit Axe
35:54 Imperial Age
35:39 Ballistics
35:10 Fletching
35:21 Padded Archer Armor
35:40 Bow Saw
36:26 Thumb Ring
37:21 Conscription
37:46 Husbandry
38:01 Bodkin Arrow
38:50 Bloodlines
39:41 Plate Barding Armor
39:21 Pikeman
42:00 Blast Furnace
JozefCZ
4:08 Loom
12:34 Feudal Age
15:34 Double-Bit Axe
20:19 Castle Age
19:21 Stone Mining
21:45 Bow Saw
23:19 Wheelbarrow
23:09 Bloodlines
23:51 Husbandry
26:56 Hand Cart
31:00 Scale Barding Armor
31:06 Forging
30:59 Horse Collar
32:14 Heavy Plow
35:22 Imperial Age
34:23 Town Watch
36:20 Cavalier
37:27 Chain Barding Armor
37:46 Iron Casting
38:43 Murder Holes
39:00 Masonry
39:10 Ballistics
39:51 Chemistry
39:48 Paladin
42:59 Plate Barding Armor
43:25 Blast Furnace
Connection lost

Rejoining the realm…

Still unreachable

The connection could not be restored.

Session expired

The server has moved on; the page needs a fresh start.